 Dungeon Crawl Stone Soup version 0.22.1-2-g9c5b331383 (webtiles) character file.

1430 McIrco the Covered (level 8, -7/49 HPs)
             Began as a Gargoyle Fighter on Jan 5, 2019.
             Mangled by Harold
             ... wielding a +0 short sword
              (13 damage)
             ... on level 7 of the Dungeon.
             The game lasted 00:08:14 (5375 turns).

McIrco the Covered (Gargoyle Fighter)               Turns: 5375, Time: 00:08:15

Health: -7/49      AC: 17    Str: 20    XL:     8   Next: 73%
Magic:  8/8        EV:  4    Int:  9    God:
Gold:   330        SH:  0    Dex: 13    Spells: 7/7 levels left

rFire    . . .     SeeInvis .   t - +1 falchion (slice)
rCold    . . .     Gourm    .   y - +0 large shield
rNeg     + + .     Faith    .   b - +0 scale mail
rPois    ∞         Spirit   .   (no helmet)
rElec    +         Reflect  .   v - +0 cloak
rCorr    .         Harm     .   g - +1 pair of gloves
MR       .....                  (no boots)
Stlth    ..........             (no amulet)
HPRegen  0.16/turn              n - ring of positive energy
MPRegen  0.11/turn              w - +2 ring of dexterity

@: held
A: negative energy resistance 1, electricity resistance, unbreathing,
petrification resistance, rot immunity, AC +5
a: no special abilities


You were on level 7 of the Dungeon.
You were very hungry.

You visited 1 branch of the dungeon, and saw 7 of its levels.

You collected 330 gold pieces.

Inventory:

Hand Weapons
 a - a +0 long sword
 t - a +1 falchion of slicing (weapon)
Armour
 b - a +0 scale mail (worn)
 c - a +0 shield
 g - a +1 pair of gloves (worn)
 v - a +0 cloak (worn)
 y - a +0 large shield (worn)
Jewellery
 n - a ring of positive energy (left hand)
 w - a +2 ring of dexterity (right hand)
Wands
 x - a wand of scattershot (3)
Scrolls
 e - 2 scrolls of identify {unknown}
 i - a scroll of fear {unknown}
 k - 4 scrolls of remove curse
 l - a scroll of noise {unknown}
 o - 3 scrolls of enchant armour
 p - 4 scrolls of teleportation {unknown}
 q - 2 scrolls of amnesia {unknown}
 s - a scroll of magic mapping {unknown}
 z - a scroll of immolation {unknown}
 A - a scroll of enchant weapon {unknown}
 B - 2 scrolls of vulnerability {unknown}
Potions
 d - a potion of might
 h - 3 potions of haste {unknown}
 j - a potion of ambrosia
 m - a potion of curing
 r - a potion of mutation {unknown}
 u - a potion of berserk rage {unknown}
Comestibles
 f - 6 rations


   Skills:
 + Level 5.2 Fighting
 - Level 3.5 Long Blades
 * Level 7.7 Armour
 + Level 2.4 Dodging
 + Level 7.0 Shields


You had 7 spell levels left.
You didn't know any spells.
Your spell library contained the following spells:

 Spells                   Type           Power        Failure   Level  Hunger
 Confusing Touch          Hex            #.....       100%        1    ##.....
 Confuse                  Hex            #.......     100%        3    ####...
 Gell's Gravitas          Tloc           #.........   100%        3    ####...
 Petrify                  Tmut/Erth      #.......     100%        4    #####..
 Metabolic Englaciation   Hex/Ice        #.........   100%        5    ######.
 Yara's Violent Unravell  Hex/Tmut       #.........   100%        5    ######.


Dungeon Overview and Level Annotations

Branches:
Dungeon (7/15)
 Temple: D:4-7

Altars:
Elyvilon
Nemelex Xobeh
Trog

Annotations:
D:7 Harold


Innate Abilities, Weirdness & Mutations

You are resistant to torment.
Your stone body is resilient. (AC +5)
You are immune to poison.
You resist negative energy. (rN+)
You are resistant to electric shocks. (rElec)
You can survive without breathing.
You are immune to petrification.
You are immune to rotting.


Message History

The burst of metal fragments hits the orc priest. x2
The burst of metal fragments hits Harold. x2
Harold is lightly wounded.
The orc priest is heavily wounded.
Harold hits you with a short sword.
* * * LOW HITPOINT WARNING * * *
Okay, then.
The orc priest invokes the aid of Beogh against you.
Beogh smites you!
* * * LOW HITPOINT WARNING * * *
Harold throws a throwing net.
You block the throwing net.
You see here a throwing net.
There is a stone staircase leading up here.
Harold throws a throwing net.
The throwing net hits you.
You become entangled in the net!
You stop ascending the stairs.
Unknown command.
Unknown command.
You struggle against the net.
You tear a large gash into the net.
Harold hits you with a short sword!
You die...

#. #.. #
#.. .# #..
.# #.##.#
#.#..#
##.#.#
#..@.#
#.(@##
#>o#####
#.#(o..#
#.#oo....#
#$#....#.#
#.##..##
.. #.###>#
# #.# .[


You could see Harold and an orc.

Vanquished Creatures
  A hippogriff (D:6)
  2 phantoms (D:6)
  An ogre (D:5)
  2 centaurs (D:5)
  A howler monkey (D:4)
  4 crimson imps
  A hound (D:6)
  A bullfrog skeleton (D:5)
  2 jellies (D:6)
  2 orc priests
  A centaur skeleton (D:6)
  2 iguanas (D:6)
  5 orc wizards
  3 worker ants
  6 adders
  4 gnolls (D:4)
  An adder zombie (D:5)
  An adder skeleton (D:2)
  3 worms
  A dart slug (D:1)
  4 leopard geckos
  24 orcs
  2 ball pythons
  7 giant cockroaches
  3 goblins (D:1)
  3 hobgoblins
  2 jackals (D:3)
  5 kobolds
  3 quokkas
  3 bats
  3 frilled lizards
  A leopard gecko skeleton (D:5)
  4 rats
  A bush (D:5)
109 creatures vanquished.

Notes
Turn   | Place    | Note
-------+----------+-------------------------------------------
     0 | D:1      | McIrco the Gargoyle Fighter began the quest for the Orb.
     0 | D:1      | Reached XP level 1. HP: 14/14 MP: 1/1
    35 | D:1      | Reached XP level 2. HP: 17/19 MP: 2/2
   804 | D:2      | Reached XP level 3. HP: 23/23 MP: 3/3
  1326 | D:2      | Found a faded altar of an unknown god.
  1356 | D:3      | Reached XP level 4. HP: 28/28 MP: 4/4
  2279 | D:4      | Reached XP level 5. HP: 28/33 MP: 5/5
  2469 | D:4      | Reached XP level 6. HP: 34/38 MP: 6/6
  2580 | D:4      | Reached skill level 1 in Dodging
  2594 | D:4      | Found a bloodstained altar of Trog.
  2594 | D:4      | Found a white marble altar of Elyvilon.
  2594 | D:4      | Found a sparkling altar of Nemelex Xobeh.
  2704 | D:5      | Entered Level 5 of the Dungeon
  2870 | D:5      | Reached skill level 5 in Armour
  3016 | D:5      | Reached skill level 5 in Shields
  3016 | D:5      | Reached XP level 7. HP: 13/43 MP: 7/7
  4193 | D:6      | Reached XP level 8. HP: 40/48 MP: 8/8
  4203 | D:6      | Noticed a hippogriff
  4236 | D:6      | Killed a hippogriff
  4560 | D:6      | Reached skill level 5 in Fighting
  5345 | D:7      | Noticed Harold
  5375 | D:7      | Mangled by Harold

Skill      XL: |  1  2  3  4  5  6  7  8 |
---------------+-------------------------+-----
Long Blades    | 2 3 |  3.5
Armour         | 4 5 6 7 |  7.7
Shields        | 4 5 6 7 |  7.0
Dodging        | 1 2 |  2.4
Fighting       | 4 5 |  5.2

Action                   |  1- 3 |  4- 6 |  7- 9 || total
-------------------------+-------+-------+-------++-------
Melee: Long sword        |   121 |   146 |       ||   267
       Falchion          |       |    81 |   280 ||   361
Evoke: Wand              |       |       |     2 ||     2
  Use: Scroll            |       |     1 |     1 ||     2
       Potion            |       |     3 |       ||     3
  Eat: Chunk             |     1 |     6 |     4 ||    11
       Ration            |       |       |     1 ||     1
Armor: Scale mail        |    68 |   123 |   143 ||   334
Dodge: Dodged            |    40 |    69 |    79 ||   188
Block: Shield            |    58 |   109 |    88 ||   255
       Large shield      |       |       |    61 ||    61
       Rpst.: Long sword |    10 |    14 |       ||    24
       Falchion          |       |     7 |    24 ||    31
